 Dungeon Crawl Stone Soup version 0.28.0-43-g3370ac3207 (webtiles) character file.

Game seed: 1448294861378066963

91 pkoi the Stinger (level 4, 0/33 HPs)
             Began as a Demigod Venom Mage on Mar 29, 2022.
             Slain by an orc
             ... wielding a +0 hand axe
              (3 damage)
             ... on level 3 of the Dungeon.
             The game lasted 00:03:19 (2883 turns).

pkoi the Stinger (Demigod Venom Mage)               Turns: 2883, Time: 00:03:20

Health: 0/33       AC:  2    Str:  9    XL:     4   Next: 12%
Magic:  9/10       EV: 12    Int: 21    God:
Gold:   94         SH:  0    Dex: 14    Spells: 5/8 levels left

rFire   . . .      SeeInvis .   b - +1 short sword
rCold   . . .      Faith    .   (no shield)
rNeg    + . .      Spirit   .   a - +0 robe
rPois   .          Reflect  .   (no helmet)
rElec   .          Harm     .   (no cloak)
rCorr   .          Rampage  .   (no gloves)
Will    .....                   (no boots)
Stlth   ++........              (no amulet)
HPRegen 0.11/turn               j - ring of positive energy
MPRegen 0.12/turn               (no ring)

@: no status effects
A: high MP 1, forlorn, divine attributes
a: no special abilities


You were on level 3 of the Dungeon.
You visited 1 branch of the dungeon, and saw 3 of its levels.

You collected 94 gold pieces.

Inventory:

Hand Weapons
 b - a +1 short sword (weapon)
Missiles
 i - 5 poisoned darts
Armour
 a - a +0 robe (worn)
Jewellery
 j - a ring of positive energy (left hand)
Scrolls
 c - 3 scrolls of identify
 d - 3 scrolls of fog
Potions
 e - a potion of curing {unknown}
 h - a potion of resistance {unknown}


   Skills:
 - Level 1.7 Dodging
 - Level 1.7 Stealth
 + Level 2.6 Spellcasting
 + Level 2.1 Transmutations
 + Level 0.9 Air Magic
 + Level 3.4 Poison Magic


You had 5 spell levels left.
You knew the following spells:

 Your Spells              Type           Power      Damage    Failure   Level
a - Sting                 Tmut/Pois      56%        1d5       4%          1
b - Poisonous Vapours     Pois/Air       22%        N/A       9%          2

Your spell library contained the following spells:

 Spells                   Type           Power      Damage    Failure   Level
 Corpse Rot               Necr/Air       8%         N/A       17%         2
 Mephitic Cloud           Conj/Pois/Air  8%         N/A       22%         3
 Olgreb's Toxic Radiance  Pois           17%        N/A       34%         4


Dungeon Overview and Level Annotations

Branches:
Dungeon (3/15)


Innate Abilities, Weirdness & Mutations

You have an increased reservoir of magic. (+10% MP)
You shall have no god before yourself.
Your divine heritage dramatically boosts your attributes as you level up.


Message History

The sting hits the orc.
The orc is poisoned.
The orc is lightly wounded.
The orc shouts!
The sting hits the orc but does no damage.
The orc looks even sicker.
The orc is lightly wounded.
The sting hits the orc.
The orc looks even sicker.
The orc is severely wounded.
You kill the orc!
You can't see any susceptible monsters within range! (Use Z to cast anyway.)
Items here: ) [[ †.
An orc priest comes into view. It is wielding a +0 short sword.
An orc priest is nearby!
An orc priest comes into view. It is wielding a +0 mace.
The orc priest shouts! x2
An orc comes into view. It is wielding a +0 hand axe.
The orc priest mumbles some strange prayers to Beogh against you.
Beogh smites you!
* * * LOW HITPOINT WARNING * * *
An orc comes into view. It is wielding a +0 mace.
The orc priest looks braver for a moment.
You are too injured to fight recklessly!
You are too injured to fight recklessly!
The orc priest mumbles some strange prayers to Beogh against you.
Beogh smites you!
* * * LOW HITPOINT WARNING * * *
You hear a shout!
The orc priest calls down the wrath of Beogh upon you.
Pain shoots through your body!
* * * LOW HITPOINT WARNING * * *
The orc shouts!
The orc hits you with a +0 hand axe.
* * * LOW HITPOINT WARNING * * *
Aiming: Sting (safe; 4% risk of failure)
Press: ? - help, Q - select action, (/) - cycle Shift-Dir - straight line, f - orc
Aim: an orc, wielding a +0 hand axe and wearing a +0 scale mail (75% to hit)
The sting hits the orc but does no damage.
The orc is poisoned.
The orc hits you with a +0 hand axe.
You die...

......o#########o
.....#.# #.# .....#.#
#.# ..).##.# #.#
###.##.# #.# #.....#
#<# #..#### #.# #.o#
#o# #..# ###@#####
#..# #.......#
##..##########.#.###.#
#......o.o.....#.#
#.....##########.#
#......(# #..#
#.....#.# #.##
......#.# #.# #######
# #.#


You could see an orc (poisoned).

Vanquished Creatures
  A gnoll (D:1)
  3 adders (D:2)
  A dart slug (D:1)
  An orc (D:3)
  8 endoplasms
  4 giant cockroaches
  8 goblins
  4 hobgoblins
  6 ball pythons
  5 bats
  5 kobolds
  3 rats
49 creatures vanquished.

Notes
Turn   | Place    | Note
-------+----------+-------------------------------------------
     0 | D:1      | pkoi the Demigod Venom Mage began the quest for the Orb.
     0 | D:1      | Reached XP level 1. HP: 14/14 MP: 5/5
    33 | D:1      | Reached skill level 1 in Transmutations
   440 | D:1      | Reached XP level 2. HP: 16/20 MP: 0/7
   817 | D:1      | Reached skill level 3 in Poison Magic
  1014 | D:1      | Reached XP level 3. HP: 26/26 MP: 1/9
  1178 | D:1      | Learned a level 2 spell: Poisonous Vapours
  2486 | D:2      | Reached XP level 4. HP: 33/33 MP: 5/10
  2883 | D:3      | Slain by an orc

Illustrated notes

Levels and vault maps discovered:
D:1:      dpeg_arrival_oval, layout_basic, nicolae_ecumenical_snake_handling,
          st_stairs_13
D:2:      layout_loops_ring, basic_altar, minmay_distorted
D:3:      layout_loops_ring, amcnicky_altar_gilded, uniq_ijyb

Skill      XL: |  1  2  3 |
---------------+----------+-----
Transmutations | 1 2 |  2.1
Spellcasting   | 2 |  2.6
Poison Magic   | 3 |  3.4
Dodging        | |  1.7
Stealth        | |  1.7
Air Magic      | |  0.9

Action                   |  1- 3 |  4- 6 || total
-------------------------+-------+-------++-------
Melee: Short sword       |    13 |       ||    13
       Unarmed           |     4 |       ||     4
 Cast: Sting             |    90 |     9 ||    99
  Use: Scroll            |     1 |     2 ||     3
Armor: Robe              |     9 |       ||     9
Dodge: Dodged            |    23 |       ||    23
